 Dungeon Crawl Stone Soup version 0.28.0-45-g0d030f2227 (console) character file.

Game seed: 14837678617006417412

180 Zeor the Sneak (level 5, -2/24 HPs)
             Began as a Vine Stalker Enchanter on Apr 3, 2022.
             Slain by Ijyb
             ... wielding a +0 dagger
              (4 damage)
             ... on level 3 of the Dungeon.
             The game lasted 00:10:32 (3526 turns).

Zeor the Sneak (Vine Stalker Enchanter)             Turns: 3526, Time: 00:10:33

Health: -2/24      AC:  0    Str: 10    XL:     5   Next: 60%
Magic:  0/11       EV: 19    Int: 17    God:
Gold:   108        SH:  0    Dex: 20    Spells: 2/10 levels left

rFire   . . .      SeeInvis .   (weapon currently unavailable)
rCold   . . .      Faith    .   (shield currently unavailable)
rNeg    . . .      Spirit   +   (armour currently unavailable)
rPois   .          Reflect  .   (helmet currently unavailable)
rElec   .          Harm     .   (cloak currently unavailable)
rCorr   .          Rampage  .   (gloves currently unavailable)
Will    .....                   (boots currently unavailable)
Stlth   +++.......              (no amulet)
HPRegen 0.88/turn               (ring currently unavailable)
MPRegen 0.12/turn               (ring currently unavailable)

@: bat-form, flying, very quick
A: fast, flying, no casting, tiny, (fangs 2), regeneration 1, magic shield,
(antimagic bite), no potion heal 2
a: no special abilities


You were on level 3 of the Dungeon.
You were a bat.
You visited 1 branch of the dungeon, and saw 3 of its levels.

You collected 108 gold pieces.

Inventory:

Hand Weapons
 a - a +2 dagger
 d - the +6 dagger of Venejyi {flame, Drain MP+9 Int-5 SInv}
   (You found it on level 2 of the Dungeon)

   It burns those it strikes, dealing additional fire damage.
   Int:       It affects your intelligence (-5).
   MP:        It affects your magic capacity (+9).
   SInv:      It lets you see invisible.
   Drain:     It drains your maximum health when unequipped.
 j - a +0 dagger of speed
 k - a +2 dagger of distortion (melded)
Missiles
 f - 12 poisoned darts (quivered)
 m - 6 javelins
Armour
 b - a +0 pair of boots (melded)
 e - a +1 leather armour (melded)
 g - a +0 pair of gloves of dexterity (melded)
Jewellery
 o - a ring of resist corrosion (melded)
Scrolls
 h - 2 scrolls of summoning
Potions
 c - a potion of mutation
 i - a potion of attraction
 n - a potion of lignification {unknown}


   Skills:
 + Level 0.1 Fighting
 + Level 1.1 Short Blades
 + Level 0.6 Armour
 + Level 1.7 Dodging
 + Level 4.9 Stealth
 * Level 3.3 Spellcasting
 * Level 4.2 Hexes
 + Level 1.1 Ice Magic


You had 2 spell levels left.
You knew the following spells:

 Your Spells              Type           Power      Damage    Failure   Level
a - Ensorcelled Hibernat  Hex/Ice        22%        N/A       9%          2
b - Confusing Touch       Hex            17%        N/A       9%          3
c - Tukima's Dance        Hex            17%        N/A       9%          3

Your spell library contained the following spells:

 Spells                   Type           Power      Damage    Failure   Level
 Dazzling Flash           Conj/Hex       20%        N/A       22%         3
 Gell's Gravitas          Tloc           2%         N/A       45%         3
 Lesser Beckoning         Tloc           2%         N/A       45%         3
 Teleport Other           Tloc           2%         N/A       45%         3
 Anguish                  Hex/Necr       5%         N/A       56%         4
 Enfeeble                 Hex            8%         N/A       100%        7


Dungeon Overview and Level Annotations

Branches:
Dungeon (3/15)

Altars:

Annotations:
D:3 1 runed translucent door, Crazy Yiuf, Ijyb


Innate Abilities, Weirdness & Mutations

You are a bat.
You are tiny and dextrous.
You move quickly.
You are flying.
Your equipment is almost entirely melded.
You are incapable of wielding weapons or throwing items.
You cannot cast spells.
((You have extremely sharp teeth.))
Your natural rate of healing is unusually fast.
When hurt, damage is shared between your health and your magic reserves.
((Your bite disrupts and absorbs the magic of your enemies.))
Potions cannot restore your health.


Message History

Ijyb zaps a wand.
You resist with some effort.
You hit Ijyb.
Space warps around Ijyb.
Ijyb is almost dead.
Ijyb zaps a wand.
You turn into a bat.
Your +2 dagger of distortion melds into your body.
Your +0 pair of gloves of dexterity melds into your body.
Your +0 pair of boots melds into your body.
Your +1 leather armour melds into your body.
Your ring of resist corrosion melds into your body.
You feel clumsy.
You hit Ijyb but do no damage.
Ijyb is almost dead.
Ijyb hits you with a +0 dagger.
* * * LOW HITPOINT WARNING * * *
You can't do that in your present form.
Sorry, you're not good enough to have a special ability.
You hit Ijyb but do no damage.
Ijyb is almost dead.
Ijyb completely misses you.
Unknown command.
You hit Ijyb but do no damage.
Ijyb is almost dead.
Ijyb closely misses you.
You hit Ijyb but do no damage.
Ijyb is almost dead.
Ijyb hits you with a +0 dagger.
* * * LOW HITPOINT WARNING * * *
You hit Ijyb but do no damage.
Ijyb is almost dead.
You barely miss Ijyb.
Ijyb is almost dead.
Ijyb barely misses you.
You hit Ijyb but do no damage.
Ijyb is almost dead.
Ijyb hits you with a +0 dagger.
* * * LOW HITPOINT WARNING * * *
You hit Ijyb but do no damage.
Ijyb is almost dead.
Ijyb hits you with a +0 dagger.
You die...

░≈≈··░···▒∙∙∙∙∙▒∙∙∙▒
░≈≈··░···▒∙∙∙∙∙▒∙∙∙▒
░≈≈··░···▒∙∙∙∙∙▒∙∙∙▒
░≈≈··░░■▒▒∙∙∙∙∙▒▒'▒▒
░≈≈···░∙∙∙∙∙∙∙∙∙∙∙∙▒
░≈≈···░∙∙∙∙∙∙∙∙∙∙∙∙▒
░≈≈···▒▒▒▒▒▒▒▒▒▒∙∙∙▒
░≈≈░░░░▒∙∙∙∙∙∙∙▒∙∙∙▒
░≈≈░···■∙∙∙∙∙bg'∙∙∙▒
░≈≈░···▒∙∙∙∙∙)∙'∙∙∙▒
░░░░░░░▒▒▒▒▒▒▒▒▒▒▒▒▒


You could see Ijyb.

Vanquished Creatures
  A wyvern skeleton (D:3)
  A jelly (D:3)
  2 adders (D:3)
  3 dart slugs
  3 orcs (D:3)
  6 endoplasms
  A giant cockroach (D:1)
  13 goblins
  4 hobgoblins
  7 jackals
  2 quokkas (D:1)
  3 ball pythons
  6 bats
  4 frilled lizards
  5 kobolds
  4 rats
65 creatures vanquished.

Vanquished Creatures (collateral kills)
  A jackal (D:3)
  A kobold (D:3)
2 creatures vanquished.

Grand Total: 67 creatures vanquished

Notes
Turn   | Place    | Note
-------+----------+-------------------------------------------
     0 | D:1      | Zeor the Vine Stalker Enchanter began the quest for the
                  | Orb.
     0 | D:1      | Reached XP level 1. HP: 9/9 MP: 4/4
   562 | D:1      | Reached XP level 2. HP: 8/13 MP: 3/6
   680 | D:1      | Learned a level 2 spell: Ensorcelled Hibernation
  1165 | D:1      | Found a faded altar of an unknown god.
  1391 | D:1      | Reached skill level 1 in Short Blades
  1391 | D:1      | Reached XP level 3. HP: 14/16 MP: 0/7
  1460 | D:1      | Learned a level 3 spell: Confusing Touch
  1969 | D:2      | Identified the +6 dagger of Venejyi {flame, Drain MP+9
                  | Int-5 SInv}
  2796 | D:3      | Gained mutation: Your natural rate of healing is unusually
                  | fast. [Vine Stalker growth]
  2796 | D:3      | Reached XP level 4. HP: 20/21 MP: 4/8
  2841 | D:3      | Learned a level 3 spell: Tukima's Dance
  2899 | D:3      | Reached skill level 1 in Ice Magic
  3011 | D:3      | Reached XP level 5. HP: 24/24 MP: 5/10
  3058 | D:3      | Found a runed translucent door.
  3059 | D:3      | Noticed Crazy Yiuf
  3483 | D:3      | Noticed Ijyb
  3525 | D:3      | HP: 1/24 [Ijyb/+0 dagger (4)]
  3526 | D:3      | Slain by Ijyb

Illustrated notes

Levels and vault maps discovered:
D:1:      noname_arrival_rooms_in_the_neighbourhood, layout_loops_corners,
          dilly_ecumenical_altar_fadedgnrine, minmay_heptomino_w4
D:2:      layout_rooms, corexii_leaking_fountain
D:3:      kennysheep_goblin_castle, layout_loops_ring, uniq_crazy_yiuf_cottage

Skill      XL: |  1  2  3  4 |
---------------+-------------+-----
Stealth        | 4 |  4.9
Short Blades   | 1 |  1.1
Hexes          | 4 |  4.2
Ice Magic      | 1 |  1.1
Spellcasting   | 3 |  3.3
Fighting       | |  0.1
Armour         | |  0.6
Dodging        | |  1.7

Action                   |  1- 3 |  4- 6 || total
-------------------------+-------+-------++-------
Melee: Dagger            |    87 |    40 ||   127
       Bite              |    25 |     5 ||    30
       Punch             |     3 |       ||     3
       Unarmed           |       |    30 ||    30
 Cast: Ensorcelled Hiber |    30 |     7 ||    37
       Confusing Touch   |       |     3 ||     3
       Tukima's Dance    |       |     1 ||     1
  Use: Potion            |     1 |     1 ||     2
       Scroll            |     8 |     1 ||     9
 Stab: Sleeping          |    21 |    15 ||    36
       Invisible         |     1 |       ||     1
       Confused          |       |     4 ||     4
Armor: Robe              |     4 |       ||     4
       Leather armour    |    22 |     7 ||    29
Dodge: Dodged            |    40 |    29 ||    69
